 Dungeon Crawl Stone Soup version 0.29-a0-824-gd827844252 (webtiles) character file.

Game seed: 13483167592080730385

441 Demosthentine the Ducker (level 7, 0/55 HPs)
             Began as a Merfolk Gladiator on July 11, 2022.
             Slain by a black bear (5 damage)
             ... on level 4 of the Dungeon.
             The game lasted 00:03:22 (4175 turns).

Demosthentine the Ducker (Merfolk Gladiator)        Turns: 4175, Time: 00:03:23

Health: 0/55       AC:  6    Str: 17    XL:     7   Next: 2%
Magic:  7/7        EV: 29    Int:  7    God:
Gold:   208        SH:  0    Dex: 15    Spells: 6/6 levels left

rFire   . . .      SeeInvis .   a - +0 trident
rCold   . . .      Faith    .   (no shield)
rNeg    . . .      Spirit   .   b - +0 leather armour
rPois   .          Reflect  .   c - +0 helmet
rElec   .          Harm     .   n - +1 cloak
rCorr   +          Rampage  .   (no gloves)
Will    .....                   (no boots)
Stlth   +.........              m - amulet of the acrobat
HPRegen 0.18/turn               k - ring of resist corrosion
MPRegen 0.10/turn               (no ring)

@: acrobatic
A: (nimble swimmer 2), mertail
a: no special abilities


You were on level 4 of the Dungeon.
You visited 1 branch of the dungeon, and saw 4 of its levels.

You collected 208 gold pieces.

Inventory:

Hand Weapons
 a - a +0 trident (weapon)
Missiles
 e - a javelin (quivered)
Armour
 b - a +0 leather armour (worn)
 c - a +0 helmet (worn)
 n - a +1 cloak (worn)
Jewellery
 k - a ring of resist corrosion (left hand)
 m - an amulet of the acrobat (around neck)
Wands
 o - a wand of flame (13)
Scrolls
 h - 4 scrolls of teleportation
 j - 2 scrolls of enchant armour
Potions
 f - a potion of ambrosia {unknown}
 g - a potion of resistance
 i - a potion of curing
 l - a potion of magic
 p - a potion of might {unknown}


   Skills:
 + Level 4.4 Fighting
 + Level 6.0 Polearms
 - Level 2.0 Throwing
 + Level 2.3 Armour
 + Level 6.1 Dodging


You had 6 spell levels left.
You didn't know any spells.
Your spell library contained the following spells:

 Spells                   Type           Power      Damage    Failure   Level
 Poisonous Vapours        Pois/Air       0%         N/A       63%         2
 Ignite Poison            Fire/Tmut/Pois 0%         N/A       86%         3
 Mephitic Cloud           Conj/Pois/Air  0%         N/A       86%         3
 Corpse Rot               Necr/Pois/Air  0%         N/A       99%         4
 Freezing Cloud           Conj/Ice/Air   0%         6-21      100%        5


Dungeon Overview and Level Annotations

Branches:
Dungeon (4/15)
 Temple: D:4-7

Altars:
Nemelex Xobeh
Okawaru

Shops:
D:4 :


Innate Abilities, Weirdness & Mutations

((You are very nimble when in or above water. (Stealth+, EV+, Speed+++)))
Your lower body shifts to a powerful aquatic tail in water.


Message History

Press: ? - help, Q - select action, (/) - cycle Shift-Dir - straight line, f/p - black bear
Aim: a black bear (almost dead, berserk, 69% to hit)
You throw a throwing net. The throwing net hits the black bear.
The black bear is caught in the net!
The black bear is almost dead.
The black bear struggles against the net. x2
You hit the black bear but do no damage.
The black bear is almost dead.
The black bear struggles against the net.
The net rips apart, and the black bear comes free!
You barely miss the black bear.
The black bear is almost dead.
The black bear bites you.
* * * LOW HITPOINT WARNING * * *
The black bear barely misses you. The black bear claws you.
* * * LOW HITPOINT WARNING * * *
The black bear closely misses you.
The black bear claws you but does no damage. x2
Throw: throwing net
Press: ? - help, Q - select action, (/) - cycle Shift-Dir - straight line, f/p - black bear
Aim: a black bear (almost dead, berserk, 69% to hit)
You throw a throwing net. The throwing net hits the black bear.
The black bear is caught in the net!
The black bear is almost dead.
The black bear struggles against the net.
You hit the black bear.
You kill the black bear!
Your Polearms skill increases to level 6!
Your Dodging skill increases to level 6!
You have reached level 7!
Unknown command.
The black bear attacks as you move away!
The black bear completely misses you. The black bear closely misses you.
The black bear barely misses you.
The black bear attacks as you move away!
The black bear closely misses you. The black bear completely misses you.
The black bear misses you.
The black bear attacks as you move away!
The black bear bites you.
You die...

#.# #.#
#.# #.# .
#.# #.
#.# #.
#.# #.
#.# #.
#@#
#..###h#
#..(...#
#...#####
.....
.... ###


You could see a black bear.

Vanquished Creatures
  A black bear (D:4)
  A necrophage (D:3)
  2 water moccasin zombies (D:3)
  The ghost of lunkers the Trooper, a weakling MeFi of Ru (D:3)
  A bullfrog skeleton (D:3)
  4 adders
  5 worms
  A dart slug (D:2)
  4 orcs (D:4)
  4 ball pythons
  3 bats (D:1)
  5 endoplasms
  3 giant cockroaches (D:1)
  4 goblins
  4 hobgoblins
  2 jackals (D:1)
  5 quokkas
  7 frilled lizards
  3 kobolds
  3 rats
63 creatures vanquished.

Notes
Turn   | Place    | Note
-------+----------+-------------------------------------------
     0 | D:1      | Demosthentine the Merfolk Gladiator began the quest for the
                  | Orb.
     0 | D:1      | Reached XP level 1. HP: 16/16 MP: 1/1
   150 | D:1      | Reached XP level 2. HP: 19/23 MP: 2/2
   776 | D:2      | Reached XP level 3. HP: 28/28 MP: 3/3
  1150 | D:2      | Found a sparkling altar of Nemelex Xobeh.
  1353 | D:2      | Found a faded altar of an unknown god.
  1469 | D:2      | Reached skill level 1 in Armour
  1953 | D:3      | Reached XP level 4. HP: 17/35 MP: 4/4
  2533 | D:3      | Found a transporter.
  2533 | D:3      | Noticed lunkers's ghost (weakling MeFi)
  2691 | D:3      | Found a transporter.
  2907 | D:3      | Noticed a necrophage
  2929 | D:3      | Killed a necrophage
  2930 | D:3      | Reached skill level 5 in Polearms
  2930 | D:3      | Reached skill level 5 in Dodging
  2930 | D:3      | Reached XP level 5. HP: 24/41 MP: 5/5
  3531 | D:3      | Reached XP level 6. HP: 24/48 MP: 6/6
  3562 | D:3      | Killed lunkers's ghost
  3871 | D:4      | Found an iron altar of Okawaru.
  4082 | D:4      | Found Agois's Book Boutique.
  4148 | D:4      | Noticed a black bear
  4153 | D:4      | Noticed a black bear
  4171 | D:4      | Killed a black bear
  4172 | D:4      | Reached XP level 7. HP: 5/55 MP: 7/7
  4175 | D:4      | Slain by a black bear

Illustrated notes

Levels and vault maps discovered:
D:1:      minmay_arrival_four_circles, layout_rooms
D:2:      wad_river_or_something, layout_basic,
          chequers_ecumenical_altar_simple_redux, basic_altar,
          lightli_corner_chamber
D:3:      layout_loops_corners, gammafunk_ghost_mausoleum, serial_glass,
          glass_columns_b, glass_columns_c, nicolae_wormholes
D:4:      black_bear_nest_2, layout_basic, mainiacjoe_overflow_six_doors_small,
          serial_shops, shop, nicolae_elevator_lobby_plus

Skill      XL: |  1  2  3  4  5  6 |
---------------+-------------------+-----
Armour         | 1 2 |  2.3
Fighting       | 3 4 |  4.4
Polearms       | 5 6 |  6.0
Dodging        | 5 6 |  6.1
Throwing       | |  2.0

Action                   |  1- 3 |  4- 6 |  7- 9 || total
-------------------------+-------+-------+-------++-------
Melee: Trident           |   119 |   178 |       ||   297
       Punch             |     2 |     3 |       ||     5
Throw: Throwing net      |       |     3 |       ||     3
  Use: Scroll            |     7 |     4 |       ||    11
       Potion            |       |     3 |       ||     3
 Stab: Sleeping          |       |     1 |       ||     1
       Held in net/web   |       |     2 |       ||     2
Armor: Leather armour    |    21 |    53 |       ||    74
Dodge: Dodged            |    70 |   110 |     6 ||   186

Table legend: (Time is in decaauts)
 A = Elapsed time spent in this place.
 B = Non-inter-level travel time spent in this place.
 C = Inter-level travel time spent in this place.
 D = Time resting spent in this place.
 E = Time spent auto-exploring this place.
 F = Levels seen in this place.
 G = Mean time per level.
                   A        B        C        D        E       F      G
               +--------+--------+--------+--------+--------+-----+--------+
         Total |   4189 |   4140 |     49 |    393 |   3120 |   4 | 1047.2 |
       Dungeon |   4189 |   4140 |     49 |    393 |   3120 |   4 | 1047.2 |
               +--------+--------+--------+--------+--------+-----+--------+

Top non-repeatable levels by time:
     D:3: 1942 daAuts
     D:2: 1166 daAuts
     D:1: 742 daAuts
     D:4: 338 daAuts
